AoeStats
← =74= George

Oasis

509013110Analyzed
4v4 RM · 6d ago on Sep 25, 2026· 58m 9s· 8 players
Game mode
Random Map
Map size
Large (8 player)
Population
200
Speed
Normal
Resources
Standard
Victory
Conquest
Starting age
Dark Age
Ending age
Imperial Age
RankedLock teamsTeams togetherTeam positionsShared explorationLock speedFull tech treeHidden civsTurbo modeCheats
Victory
Defeat
🇦🇷 Britons · Argentina
1087
+13
🇨🇴 Byzantines · Colombia
1073
+14
🇵🇪 Khmer · Peru
1054
+15
🇺🇸 Slavs · United States
981
+18
🇺🇸 Danes · United States
1109
-19
🇺🇸 Varangians · United States
1048
-16
🇺🇸 Mongols · United States
1003
-14
🇨🇦 Ethiopians · Canada
932
-11
peteben24
0:27 Loom
11:19 Feudal Age
16:18 Castle Age
15:26 Double-Bit Axe
17:47 Forging
21:48 Scale Mail Armor
25:52 Man-at-Arms
26:34 Squires
26:45 Long Swordsman
30:25 Iron Casting
31:03 Chain Mail Armor
32:03 Wheelbarrow
31:14 Town Watch
32:21 Bow Saw
35:15 Ballistics
37:59 Imperial Age
35:48 Hand Cart
36:27 Horse Collar
37:45 Detinets
38:23 Caravan
38:53 Coinage
39:21 Conscription
38:33 Heavy Scorpion
38:35 Two-Handed Swordsman
40:18 Blast Furnace
39:49 Plate Mail Armor
39:44 Champion
39:48 Capped Ram
41:28 Scale Barding Armor
41:47 Siege Engineers
41:41 Murder Holes
41:58 Masonry
42:48 Chemistry
41:34 Siege Ram
44:31 Druzhina
51:20 Chain Barding Armor
50:46 Onager
52:57 Bloodlines
52:47 Husbandry
52:12 Elite Boyar
55:06 Two-Man Saw
54:26 Gold Mining
54:53 Siege Onager
56:27 Plate Barding Armor
58:23 Fortified Wall
58:05 Guard Tower
Eyaculador de Poemas
11:00 Feudal Age
15:24 Castle Age
14:15 Gold Mining
14:07 Horse Collar
14:47 Double-Bit Axe
15:25 Stone Mining
19:16 Wheelbarrow
19:03 Bow Saw
20:23 Hand Cart
33:55 Heavy Plow
34:05 Loom
34:06 Town Watch
38:04 Imperial Age
37:33 Caravan
37:26 Fletching
39:14 Conscription
39:08 Double Crossbow
41:23 Chemistry
40:44 Ballistics
40:30 Siege Engineers
41:53 Scale Barding Armor
41:59 Forging
43:40 Chain Barding Armor
42:53 Heavy Scorpion
44:21 Husbandry
44:32 Bloodlines
43:42 Light Cavalry
45:47 Plate Barding Armor
45:47 Iron Casting
46:21 Hoardings
45:44 Hussar
46:54 Town Patrol
48:42 Blast Furnace
49:35 Bodkin Arrow
49:41 Padded Archer Armor
50:01 Masonry
50:01 Murder Holes
51:56 Gold Shaft Mining
51:56 Stone Shaft Mining
53:03 Architecture
55:27 Bracer
55:43 Leather Archer Armor
ConejoMalo
11:04 Feudal Age
12:19 Double-Bit Axe
15:39 Fletching
19:48 Padded Archer Armor
23:39 Castle Age
23:52 Wheelbarrow
24:20 Bodkin Arrow
23:50 Crossbowman
24:37 Thumb Ring
25:09 Bow Saw
24:43 Horse Collar
24:55 Gold Mining
27:09 Leather Archer Armor
30:21 Loom
34:38 Ballistics
38:53 Imperial Age
37:39 Heavy Plow
38:15 Gold Shaft Mining
38:01 Scale Mail Armor
39:12 Arbalester
39:19 Capped Ram
40:15 Bracer
44:40 Hand Cart
47:39 Two-Man Saw
47:10 Crop Rotation
48:31 Ring Archer Armor
49:02 Chemistry
49:41 Chain Mail Armor
50:16 Bombard Tower
52:39 Siege Ram
只会出农民
7:59 Loom
10:16 Feudal Age
12:09 Double-Bit Axe
14:17 Wheelbarrow
14:46 Horse Collar
20:46 Castle Age
18:56 Gold Mining
19:18 Fletching
21:03 Padded Archer Armor
21:42 Bow Saw
21:36 Heavy Plow
21:57 Crossbowman
23:41 Leather Archer Armor
24:41 Bodkin Arrow
27:17 Hand Cart
29:00 Ballistics
39:30 Imperial Age
38:00 Gold Shaft Mining
37:16 Stone Mining
40:30 Yeomen
41:10 Bracer
41:40 Ring Archer Armor
42:29 Chemistry
41:17 Arrowslits
42:26 Arbalester
43:06 Town Watch
48:42 Guilds
=74= George
5:10 Loom
10:21 Feudal Age
15:57 Castle Age
14:30 Double-Bit Axe
14:31 Horse Collar
18:33 Fletching
18:34 Crossbowman
20:00 Bodkin Arrow
20:42 Town Watch
22:47 Squires
25:38 Padded Archer Armor
27:38 Bow Saw
28:52 Thumb Ring
31:50 Leather Archer Armor
31:35 Scale Mail Armor
31:44 Scale Mail Armor
38:26 Imperial Age
39:13 Bracer
39:43 Ring Archer Armor
39:38 Ballistics
40:18 Chemistry
40:34 Conscription
40:35 Capped Ram
42:25 Siege Ram
43:35 Arbalester
48:22 Two-Man Saw
Synd
8:16 Loom
10:23 Feudal Age
8:43 Loom
11:51 Double-Bit Axe
13:25 Horse Collar
23:26 Castle Age
24:18 Fletching
25:26 Town Watch
26:37 Bow Saw
26:38 Stone Mining
27:48 Wheelbarrow
34:18 Light Cavalry
36:11 Bloodlines
36:02 Husbandry
38:02 Wheelbarrow
37:29 Gold Mining
39:37 Heavy Plow
41:30 Masonry
43:35 Ballistics
45:03 Scale Barding Armor
45:08 Forging
44:54 Bodkin Arrow
46:53 Hand Cart
49:32 Caravan
49:05 Elite Skirmisher
49:56 Padded Archer Armor
50:17 Chain Barding Armor
53:13 Iron Casting
55:59 Imperial Age
56:41 Thumb Ring
58:51 Chemistry
TurboCesar
8:26 Loom
11:03 Feudal Age
11:47 Double-Bit Axe
16:23 Castle Age
17:15 Bloodlines
20:35 Bow Saw
24:29 Scale Barding Armor
24:18 Fletching
27:32 Wheelbarrow
29:18 Vendel Legacy
34:31 Chain Barding Armor
34:07 Bodkin Arrow
35:04 Padded Archer Armor
35:15 Forging
35:33 Elite Skirmisher
36:52 Hand Cart
40:13 Imperial Age
37:54 Horse Collar
40:45 Iron Casting
40:26 Leather Archer Armor
41:32 Conscription
43:00 Elite Jarl
46:24 Bracer
46:55 Ring Archer Armor
47:02 Plate Barding Armor
47:28 Blast Furnace
47:28 Cavalier
007
8:21 Loom
10:10 Feudal Age
11:44 Double-Bit Axe
11:45 Horse Collar
19:33 Castle Age
19:19 Scale Mail Armor
19:30 Forging
19:40 Fletching
21:51 Squires
22:05 Gambesons
22:37 Arson
24:03 Chain Mail Armor
28:56 Iron Casting
31:37 Bodkin Arrow
33:23 Hamask
35:06 Wheelbarrow
34:18 Town Watch
40:05 Imperial Age
37:52 Hand Cart
41:02 Bow Saw
40:53 Heavy Plow
40:44 Gold Mining
41:20 Conscription
40:22 Elite Jomsviking
41:36 Plate Mail Armor
41:08 Bracer
41:05 Stone Mining
41:28 Masonry
43:02 Hoardings
42:26 Onager
45:12 Blast Furnace
44:30 Siege Engineers
43:55 Siege Onager
44:07 Elite Varangian Guard
45:48 Hoardings
54:27 Chemistry
54:37 Hoardings
Connection lost

Rejoining the realm…

Still unreachable

The connection could not be restored.

Session expired

The server has moved on; the page needs a fresh start.